 Dungeon Crawl Stone Soup version 0.17-a0-1769-g54adf96 (webtiles) character file.

695 wvc the Poker (level 7, 0/52 HPs)
             Began as a Human Wanderer on Sept 7, 2015.
             Was a Believer of Ashenzari.
             Slain by Grinder (7 damage)
             ... while paralysed by Grinder
             ... on level 5 of the Dungeon.
             The game lasted 00:11:51 (4883 turns).

wvc the Poker (Human Wanderer)                      Turns: 4883, Time: 00:11:51

Health: 0/52       AC:  8    Str: 16    XL:     7   Next: 96%
Magic:  7/7        EV:  2    Int: 12    God:    Ashenzari [**....]
Gold:   346        SH:  0    Dex: 11    Spells: 0 memorised, 6 levels left

rFire  . . .     SeeInvis .     a - +3 spear
rCold  + . .     Clarity  .     b - +0 ring mail
rNeg   + . .     SustAt   .     (no shield)
rPois  .         Gourm    .     m - +0 helmet (curse)
rElec  .         Spirit   .     l - +1 cloak
rCorr  .         Warding  .     (no gloves)
rMut   .         Stasis   .     (no boots)
MR     .....                    (no amulet)
Stlth  +.........               p - ring of protection from cold
                                j - ring of positive energy

@: paralysed, not resistant to hostile enchantments, very unstealthy
A: no striking features
a: Scrying, Renounce Religion


You were on level 5 of the Dungeon.
You worshipped Ashenzari.
Ashenzari was pleased with you.
You were not hungry.

You visited 1 branch of the dungeon, and saw 5 of its levels.
You also visited: Ossuary.

You collected 346 gold pieces.

Inventory:

Hand weapons
 a - a +3 spear (weapon)
 d - a +0 blowgun
 e - a +0 dagger
 s - a +0 halberd
 v - a +0 trident
Missiles
 c - 40 poisoned needles
 n - 9 curare-tipped needles
Armour
 b - a +0 ring mail (worn)
 l - a +1 cloak (worn)
 m - a cursed +0 helmet (worn)
Jewellery
 g - an uncursed ring of fire
 j - a ring of positive energy (left hand)
 p - a ring of protection from cold (right hand)
 y - a cursed ring of teleportation
Magical devices
 w - a wand of slowing (15)
Scrolls
 h - a scroll of immolation
 o - a scroll of teleportation
 q - 2 scrolls of enchant weapon
 r - a scroll of fear
 t - a scroll of identify
Potions
 i - a potion of cancellation
 k - a potion of curing
 u - a potion of heal wounds
 x - 2 potions of invisibility {unknown}
 z - 2 potions of flight
 C - a potion of might
Books
 D - a Necronomicon

   Spells                             Type                      Level
   a - Haunt                          Necromancy/Summoning         7
   b - Borgnjor's Revivification      Necromancy                   8
   c - Death's Door                   Charms/Necromancy            8
   d - Necromutation                  Transmutation/Necromancy     8
Comestibles
 f - a bread ration
 B - a meat ration


   Skills:
 - Level 3.0 Fighting
 + Level 7.8 Polearms
   Level 1.0 Bows
 - Level 1.0 Throwing
 - Level 2.0 Armour
 - Level 2.0 Dodging
 - Level 2.0 Stealth
 + Level 0.2 Evocations


You had 6 spell levels left.
You didn't know any spells.

Dungeon Overview and Level Annotations

Branches:
Dungeon (5/15)
 Temple: D:4-7

Altars:
Ashenzari
Dithmenos
Kikubaaqudgha
Okawaru
Ru
Zin

Shops:
D:4 %

Annotations:
D:5 Grinder


Message History

Grinder is moderately wounded.
Grinder hits you.
You closely miss Grinder.
Grinder is moderately wounded.
Grinder closely misses you.
You closely miss Grinder.
Grinder is moderately wounded.
You closely miss Grinder.
Grinder is moderately wounded.
Grinder hits you.
You hit Grinder.
Grinder is moderately wounded.
Grinder gestures at you.
You suddenly lose the ability to move!
Grinder gestures at you. Pain shoots through your body!
* * * LOW HITPOINT WARNING * * *
Grinder grins, showing sharp teeth.
Grinder hits you!
You die...

* ..# , , ,..#* #.#
, ..# #.# * ,
..######.# * ###..
..##.## *#.
#......#....#
#...#...#.#*#)..#
+##........# *#@.#
..## * *#.## ##5#
...## #..## ##..#
....## #...###.#.#
.....####....#<##.#
.....'.......5...>#
.....####...#.#####
....## ##....#
...## #.####


You could see Grinder.

Vanquished Creatures
  2 ogres
  A scorpion (D:5)
  A giant frog skeleton (D:5)
  2 orc priests (D:3)
  3 orc wizards
  2 worker ants (D:4)
  A mummy (D:4)
  14 adders
  An ooze (D:1)
  2 adder skeletons (D:4)
  6 worms
  2 giant geckos
  10 orcs
  5 giant cockroaches
  7 goblins
  8 hobgoblins
  11 kobolds
  4 quokkas
  8 bats
  3 giant newts
  A goblin zombie (D:4)
  A jackal zombie (Ossuary)
  A kobold zombie (D:4)
  An orc zombie (Ossuary)
  8 rats
  A rat zombie (Ossuary)
106 creatures vanquished.

Notes
Turn   | Place    | Note
--------------------------------------------------------------
     0 | D:1      | wvc the Human Wanderer began the quest for the Orb.
     0 | D:1      | wvc set off with: a +2 spear, a +0 ring mail, 10 poisoned needles, a +0 blowgun, a +0 dagger, a bread ration
     0 | D:1      | Reached XP level 1. HP: 18/18 MP: 1/1
   120 | D:1      | Reached XP level 2. HP: 24/24 MP: 2/2
  1080 | D:2      | Reached skill level 1 in Dodging
  1080 | D:2      | Reached XP level 3. HP: 20/29 MP: 3/3
  1341 | D:2      | Found an iron altar of Okawaru.
  1345 | D:2      | Reached XP level 4. HP: 32/35 MP: 4/4
  1605 | D:2      | Found a sacrificial altar of Ru.
  2041 | D:2      | Reached XP level 5. HP: 36/41 MP: 5/5
  2070 | D:2      | Reached skill level 4 in Polearms
  2313 | D:3      | Found a faded altar to an unknown god.
  2452 | D:3      | Became a worshipper of Ashenzari the Shackled
  2452 | D:3      | Acquired Ashenzari's first power
  2634 | D:3      | Reached skill level 5 in Polearms
  2634 | D:3      | Reached XP level 6. HP: 47/47 MP: 6/6
  2919 | D:3      | Reached skill level 6 in Polearms
  2955 | D:3      | Found a glowing silver altar of Zin.
  3020 | D:4      | Found Taikeenydo's Food Shop.
  3036 | D:4      | Reached XP level 7. HP: 52/52 MP: 7/7
  3103 | D:4      | Found a sand-covered staircase.
  3127 | Ossuary  | Entered an ossuary
  4068 | D:4      | Acquired Ashenzari's second power
  4160 | D:4      | Found a shadowy altar of Dithmenos.
  4161 | D:4      | Found an ancient bone altar of Kikubaaqudgha.
  4295 | D:5      | Entered Level 5 of the Dungeon
  4307 | D:5      | Reached skill level 7 in Polearms
  4712 | D:5      | Noticed Grinder
  4713 | D:5      | Paralysed by Grinder for 5 turns
  4881 | D:5      | Paralysed by Grinder for 4 turns
  4883 | D:5      | Slain by Grinder

Vault maps used:
D:1:      matt_arrival_los_fun
D:2:      overflow_temple_1_default, nicolae_overflow_hidden_temple,
          minmay_misc_feat_encased
D:3:      zin_statuary, first_bread, ecumenical_altar_2, minmay_close_crescents
D:4:      gammafunk_temple_overflow_statue, nicolae_ossuary_entry_giza,
          serial_shops, shop
D:5:      uniq_duvessa, uniq_grinder
Ossuary:  ossuary_minmay_tomb_2a

Action                   |  1- 3 |  4- 6 |  7- 9 || total
-------------------------+-------+-------+-------++-------
Melee: Spear             |    70 |   241 |   155 ||   466
 Fire: Blowgun           |       |     8 |     9 ||    17
Evoke: Wand              |       |       |     2 ||     2
  Use: Scroll            |     4 |     7 |     2 ||    13
       Potion            |       |     4 |     1 ||     5
 Stab: Sleeping          |     4 |     1 |     1 ||     6
       Distracted        |     1 |       |       ||     1
  Eat: Chunk             |     1 |     4 |     2 ||     7
       Fruit             |       |     2 |       ||     2
       Bread ration      |       |       |     1 ||     1
